 Dungeon Crawl Stone Soup version 0.25-a0-665-ga69d64035b (webtiles) character file.

Game seed: 7475841017378476352, levelgen mode: deterministic

7544 erloom the Grappler (level 11, -1/99 HPs)
             Began as a Ghoul Monk on Mar 26, 2020.
             Was a Priest of Makhleb.
             Slain by a troll (12 damage)
             ... on level 10 of the Dungeon.
             The game lasted 00:32:31 (9290 turns).

erloom the Grappler (Ghoul Monk)                    Turns: 9290, Time: 00:32:31

Health: -1/99      AC:  8    Str: 16    XL:     11   Next: 16%
Magic:  13/13      EV:  9    Int:  8    God:    Makhleb [***...]
Gold:   232        SH:  9    Dex: 11    Spells: 10/10 levels left

rFire    + . .     SeeInvis +     - Unarmed
rCold    + . .     Gourm    .   h - +0 kite shield
rNeg     + + +     Faith    .   y - +1 ring mail {rF+}
rPois    ∞         Spirit   .   (no helmet)
rElec    .         Reflect  .   (no cloak)
rCorr    +         Harm     .   (no gloves)
MR       .....                  E - +0 pair of boots
Stlth    +.........             (no amulet)
HPRegen  0.00/turn              d - ring of see invisible
MPRegen  0.13/turn              G - ring of resist corrosion

@: rotting
A: rotting body, claws 1, carnivore, cold resistance 1, negative energy
resistance 3, inhibited regeneration, torment resistance, unbreathing
a: Minor Destruction, Lesser Servant of Makhleb, Renounce Religion


You were on level 10 of the Dungeon.
You worshipped Makhleb.
Makhleb was most pleased with you.
You were not hungry.

You visited 2 branches of the dungeon, and saw 11 of its levels.
You also visited: Sewer.

You collected 397 gold pieces.
You spent 165 gold pieces at shops.

Inventory:

Missiles
 i - 239 stones
 j - 76 poisoned darts
 m - 160 sling bullets
 v - a throwing net (quivered)
 H - 8 javelins
 L - 9 boomerangs
Armour
 a - a +0 robe
 c - a +0 buckler
 h - a +0 kite shield (worn)
 y - a +1 ring mail of fire resistance (worn)
 E - a +0 pair of boots (worn)
Jewellery
 d - a ring of see invisible (left claw)
 G - a ring of resist corrosion (right claw)
 M - an uncursed ring of flight
Wands
 s - a wand of polymorph (1)
 A - a wand of flame (23)
 F - a wand of random effects (26)
Scrolls
 e - a scroll of blinking
 f - a scroll of fog
 g - 3 scrolls of fear {unknown}
 k - a scroll of enchant weapon {unknown}
 l - 6 scrolls of teleportation
 n - 4 scrolls of amnesia
 t - a scroll of magic mapping {unknown}
 u - 3 scrolls of remove curse
 w - 2 scrolls of summoning
 B - 4 scrolls of identify
 C - a scroll of enchant armour {unknown}
 I - a scroll of random uselessness {unknown}
Potions
 o - 3 potions of curing
 q - a potion of haste
 r - 3 potions of degeneration
 x - a potion of resistance
 z - a potion of ambrosia
 D - a potion of mutation {unknown}
 J - a potion of stabbing {unknown}
 K - a potion of berserk rage {unknown}
 N - a potion of cancellation {unknown}
Comestibles
 b - 17 rations
 O - a chunk of flesh


   Skills:
 + Level 10.1 Fighting
 + Level 5.0 Armour
 - Level 3.3 Dodging
 - Level 2.1 Stealth
 + Level 4.0 Shields
 * Level 12.2 Unarmed Combat
 - Level 5.0 Invocations
 - Level 2.0 Evocations


You had 10 spell levels left.
You didn't know any spells.
Your spell library contained the following spells:

 Spells                   Type           Power        Failure   Level  Hunger
 Foxfire                  Conj/Fire      #...         97%         1    ##.....
 Magic Dart               Conj           #...         97%         1    ##.....
 Blink                    Tloc           N/A          99%         2    ###....
 Call Imp                 Summ           #.......     99%         2    ###....
 Slow                     Hex            #.......     99%         2    ###....
 Conjure Flame            Conj/Fire      #.......     100%        3    ####...
 Inner Flame              Hex/Fire       #.......     100%        3    ####...
 Mephitic Cloud           Conj/Pois/Air  #.......     100%        3    ####...
 Sticky Flame             Conj/Fire      #.......     100%        4    #####..
 Fireball                 Conj/Fire      #.........   100%        5    ######.


Dungeon Overview and Level Annotations

Branches:
Dungeon (10/15)            Temple (1/1) D:6           Sewer (visited)
   Lair: D:8-11         Orc: D:9-12

Altars:
Cheibriados
Makhleb
Nemelex Xobeh
Okawaru
Ru
Sif Muna
Zin
The Shining One

Shops:
D:5 *(!=?

Annotations:
D:6 exclusion: downstairs
D:8 exclusion: downstairs
D:9 1 exclusion


Innate Abilities, Weirdness & Mutations

Your body is rotting away.
You thrive on raw meat.
You are immune to poison.
You have sharp fingernails.
You are carnivorous and can eat meat at any time.
Your flesh is cold resistant. (rC+)
You are immune to negative energy. (rN+++)
You do not regenerate when monsters are visible.
You are immune to unholy pain and torment.
You can survive without breathing.


Message History

You are too injured to fight recklessly!
You are too injured to fight recklessly!
You barely miss the troll.
The troll is heavily wounded.
The troll bites you!
* * * LOW HITPOINT WARNING * * *
The troll claws you but does no damage. The troll claws you!
* * * LOW HITPOINT WARNING * * *
You feel much better. The troll bites you! You block the troll's attack.
The troll claws you!
* * * LOW HITPOINT WARNING * * *
A demon appears!
The troll bites you but does no damage. The troll claws you!
* * * LOW HITPOINT WARNING * * *
The troll claws you but does no damage.
You scratch the troll.
The troll is heavily wounded.
The troll bites you.
* * * LOW HITPOINT WARNING * * *
The troll claws you but does no damage. The troll claws you!
You die...

#########
#.......######
#.......#....#
#.......#....#
#.......#....#
#.....÷.#....#
#.......'....#
#.......#...>#
#.......#..@4+
#####.......###T##
#........#+## #.#
#........#
#....)...
#........#
#........
#........#
#........
#........#
#........
#.....<..#
#........
#........#
#........


You could see a troll and a friendly orange demon.

Vanquished Creatures
  A sea snake (D:9)
  Pikel (D:7)
  Psyche (D:9)
  An eye of devastation (D:8)
  2 hornets
  A troll (D:9)
  A hippogriff (D:7)
  A wyvern (D:7)
  Grum (D:8)
  Eustachio (D:6)
  An orc warrior (D:9)
  3 sky beasts
  3 ice beasts (D:5)
  A phantom (D:9)
  An ogre (D:6)
  3 wolves (D:8)
  5 centaurs
  3 big kobolds
  8 bullfrogs
  A gnoll sergeant (D:8)
  A water moccasin zombie (D:9)
  3 scorpions
  7 crimson imps
  3 hounds
  A centaur zombie (D:9)
  8 orc priests
  3 jellies
  3 bullfrog skeletons
  A gnoll shaman (D:5)
  8 orc wizards
  Ijyb (D:5)
  An iguana (D:5)
  9 worker ants
  2 killer bee zombies
  A hound zombie (D:9)
  A hound skeleton (D:5)
  2 worker ant zombies
  18 adders
  12 gnolls
  A river rat (D:5)
  A shadow imp (D:5)
  17 oozes
  2 adder skeletons
  3 worms
  A dart slug (D:1)
  15 leopard geckos
  31 orcs
  A bat zombie (D:1)
  24 giant cockroaches
  9 hobgoblins
  3 jackals (D:2)
  14 kobolds
  2 quokkas
  14 ball pythons
  6 bats
  13 frilled lizards
  5 goblins
  A leopard gecko zombie (D:1)
  A quokka skeleton (D:4)
  8 rats
297 creatures vanquished.

Vanquished Creatures (collateral kills)
  A two-headed ogre (D:8)
1 creature vanquished.

Vanquished Creatures (others)
  An orc wizard (D:9)
1 creature vanquished.

Grand Total: 299 creatures vanquished

Notes
Turn   | Place    | Note
-------+----------+-------------------------------------------
     0 | D:1      | erloom the Ghoul Monk began the quest for the Orb.
     0 | D:1      | Reached XP level 1. HP: 19/19 MP: 0/0
   244 | D:1      | Reached XP level 2. HP: 23/26 MP: 1/1
   259 | D:1      | Reached skill level 4 in Unarmed Combat
   757 | D:2      | Reached XP level 3. HP: 30/31 MP: 2/2
  1039 | D:2      | Reached skill level 5 in Unarmed Combat
  1109 | D:2      | Reached XP level 4. HP: 32/38 MP: 3/3
  1621 | D:3      | Reached skill level 6 in Unarmed Combat
  1696 | D:3      | Reached XP level 5. HP: 40/45 MP: 4/4
  2136 | D:3      | Reached skill level 7 in Unarmed Combat
  2600 | D:4      | Reached XP level 6. HP: 46/51 MP: 5/5
  2929 | D:4      | You fall into a shaft and drop 1 floor!
  2929 | D:5      | Entered Level 5 of the Dungeon
  2933 | D:5      | Found Plygh's Practical Paraphernalia.
  2962 | D:5      | Reached skill level 1 in Armour
  2962 | D:5      | Reached skill level 1 in Shields
  3008 | D:5      | Noticed Ijyb
  3028 | D:5      | Killed Ijyb
  3073 | D:5      | Reached XP level 7. HP: 50/58 MP: 6/6
  3264 | D:5      | Found a glowing drain.
  3338 | Sewer    | Entered a sewer
  3780 | Sewer    | Reached skill level 8 in Unarmed Combat
  3847 | Sewer    | Reached skill level 1 in Evocations
  3855 | Sewer    | Reached skill level 5 in Fighting
  3855 | Sewer    | Reached XP level 8. HP: 63/68 MP: 7/7
  4461 | D:5      | Found Detich's Weapon Emporium.
  4646 | D:5      | Found Lehasm's Distillery.
  4648 | D:5      | Found Axko's Jewellery Emporium.
  4650 | D:5      | Found Ufotuf's Assorted Antiques.
  4651 | D:5      | Found Aghu's Magic Scroll Emporium.
  4702 | D:5      | Bought a scroll of identify for 22 gold pieces
  4702 | D:5      | Bought a scroll of remove curse for 33 gold pieces
  4702 | D:5      | Bought a scroll of identify for 22 gold pieces
  4702 | D:5      | Bought a scroll of identify for 22 gold pieces
  4702 | D:5      | Bought a scroll of identify for 22 gold pieces
  4702 | D:5      | Bought a scroll of identify for 22 gold pieces
  4702 | D:5      | Bought a scroll of identify for 22 gold pieces
  4769 | D:5      | Found a glowing silver altar of Zin.
  4787 | D:5      | Found a sparkling altar of Nemelex Xobeh.
  4813 | D:5      | Reached skill level 9 in Unarmed Combat
  5011 | D:5      | Found a shimmering blue altar of Sif Muna.
  5186 | D:6      | Reached XP level 9. HP: 72/78 MP: 9/9
  5236 | D:6      | Found a staircase to the Ecumenical Temple.
  5241 | D:6      | Noticed Eustachio
  5259 | D:6      | Killed Eustachio
  5267 | Temple   | Entered the Ecumenical Temple
  5304 | Temple   | Became a worshipper of Makhleb the Destroyer
  5304 | Temple   | Reached * piety under Makhleb
  5304 | Temple   | Reached ** piety under Makhleb
  5878 | D:7      | Reached skill level 1 in Invocations
  6017 | D:7      | Noticed Pikel
  6031 | D:7      | Killed Pikel
  6031 | D:7      | Reached skill level 10 in Unarmed Combat
  6132 | D:7      | Found a sacrificial altar of Ru.
  6307 | D:7      | Reached XP level 10. HP: 86/89 MP: 11/11
  6875 | D:8      | Noticed Grum
  6896 | D:8      | Killed Grum
  7432 | D:8      | Reached *** piety under Makhleb
  7448 | D:8      | Noticed a two-headed ogre
  7454 | D:8      | Noticed an eye of devastation
  7454 | D:8      | a two-headed ogre changed into an eye of devastation
  7462 | D:8      | Killed an eye of devastation
  8149 | D:9      | Noticed Psyche
  8165 | D:9      | Killed Psyche
  8165 | D:9      | Reached skill level 11 in Unarmed Combat
  8165 | D:9      | Reached skill level 5 in Invocations
  8290 | D:9      | Noticed an orc knight
  8335 | D:9      | Reached skill level 5 in Armour
  8474 | D:9      | Noticed a two-headed ogre
  8478 | D:9      | Noticed a sea snake
  8478 | D:9      | a two-headed ogre changed into a sea snake
  8495 | D:9      | Killed a sea snake
  8495 | D:9      | Reached skill level 10 in Fighting
  8495 | D:9      | Reached XP level 11. HP: 22/99 MP: 13/13
  8522 | D:9      | Noticed a two-headed ogre
  8528 | D:9      | Noticed a two-headed ogre
  8885 | D:9      | Noticed a two-headed ogre
  8889 | D:9      | Noticed a deep troll
  8889 | D:9      | a two-headed ogre changed into a deep troll
  8969 | D:9      | Reached skill level 12 in Unarmed Combat
  9054 | D:8      | Killed a two-headed ogre
  9237 | D:10     | Entered Level 10 of the Dungeon
  9290 | D:10     | Slain by a troll

Levels and vault maps discovered:
D:1:      saegor_arrival_fortress, layout_loops_cross
D:2:      layout_basic
D:3:      layout_loops_corners
D:4:      layout_gridville, first_ration
D:5:      layout_loops_ring, kennysheep_little_box, grunt_temple_overflow_open,
          portal_sewer_entry_b, serial_shops, shop_statue, minivault_14,
          minmay_shop_grid_forest, hangedman_decor_lopped,
          corexii_leaking_fountain, nicolae_alphabet_shops, uniq_ijyb
D:6:      layout_rooms, minmay_temple_entry_trees, uniq_eustachio
D:7:      layout_cave_pods, nicolae_ru_sacrificial_ziggurat, uniq_pikel
D:8:      layout_basic, uniq_grum
D:9:      layout_rooms, blue_anna_alchemist [blue_anna_fruit_fields,
          blue_anna_fruit_fields], minmay_the_grid_2x2 [minmay_the_grid_armoury,
          minmay_the_grid_pillar_ring, minmay_the_grid_box_x,
          minmay_the_grid_prize_shrinking_boxes], uniq_psyche
D:10:     layout_gridville, nrook_uturn, uniq_joseph
Temple:   dpeg_five_rooms_temple

Skill      XL: |  1  2  3  4  5  6  7  8  9 10 11 |
---------------+----------------------------------+-----
Unarmed Combat | 4 5 6 7 8 9 10 11 12 | 12.2
Armour         | 1 2 3 5 |  5.0
Shields        | 1 2 4 |  4.0
Fighting       | 5 6 8 10 | 10.1
Evocations     | 1 2 |  2.0
Invocations    | 3 5 |  5.0
Dodging        | 3 |  3.3
Stealth        | |  2.1

Action                   |  1- 3 |  4- 6 |  7- 9 | 10-12 || total
-------------------------+-------+-------+-------+-------++-------
Melee: Unarmed           |    95 |   214 |   582 |   285 ||  1176
       Punch             |     1 |     1 |       |       ||     2
Throw: Dart              |     3 |     3 |       |       ||     6
       Throwing net      |       |       |       |     1 ||     1
Invok: Lesser Servant of |       |       |       |     3 ||     3
Evoke: Wand              |       |       |     8 |    20 ||    28
  Use: Scroll            |       |     6 |     6 |     1 ||    13
       Potion            |       |       |       |     6 ||     6
 Stab: Distracted        |     1 |       |     1 |       ||     2
       Sleeping          |     1 |       |       |       ||     1
  Eat: Chunk             |     5 |    12 |    48 |    40 ||   105
Armor: Robe              |    15 |       |       |       ||    15
       Chain mail        |    15 |    82 |   177 |       ||   274
       Ring mail         |       |       |    33 |    59 ||    92
Dodge: Dodged            |    60 |    61 |   192 |   106 ||   419
Block: Buckler           |       |     9 |    80 |    42 ||   131
       Kite shield       |       |       |       |     6 ||     6

Table legend:
 A = Non-vault XP
 B = Vault XP
 C = Vault XP percentage of total XP
 D = Non-vault monster count
 E = Vault monster count
 F = Vault count percentage of total count
                 A         B        C        D         E       F
            +---------+---------+-------+---------+---------+-------
      Total |    6070 |    4708 |  43.7 |     214 |      84 |  28.2
            +---------+---------+-------+---------+---------+-------
        D:1 |      27 |       3 |  10.0 |      18 |       2 |  10.0
        D:2 |     111 |       0 |   0.0 |      31 |       0 |   0.0
        D:3 |     156 |       0 |   0.0 |      23 |       0 |   0.0
        D:4 |     422 |       0 |   0.0 |      20 |       0 |   0.0
        D:5 |    1040 |      52 |   4.8 |      35 |       5 |  12.5
        D:6 |     757 |     182 |  19.4 |      24 |       1 |   4.0
        D:7 |    1241 |     607 |  32.8 |      19 |       1 |   5.0
        D:8 |    1488 |    1138 |  43.3 |      21 |       5 |  19.2
        D:9 |     815 |    2337 |  74.1 |      22 |      13 |  37.1
       D:10 |      13 |       0 |   0.0 |       1 |       0 |   0.0
      Sewer |       0 |     389 | 100.0 |       0 |      57 | 100.0
            +---------+---------+-------+---------+---------+-------
